Bruins vs Flames

Created - March 8, 2021 at 19:11

Goals
1 2 3 OT1 SO T
Bruins 1 0 1 0 1 3
Flames 0 1 1 0 0 2
Shots
1 2 3 OT1 SO T
Bruins 11 4 15 3 4 33
Flames 11 11 8 5 4 35

1st period

1. Bruins , Brendan Smith 4 (T.J Galiardi 10, Mike Ribeiro 6) at 19:43

Penalties :
Slava Voynov (Bos) for Hooking (Minor) at 1:27, Steve Regier (Cal) for Interference (Minor) at 7:00, Johnny Boychuk (Bos) for Roughing (Minor) at 13:03

2nd period

2. Flames , Brendan Mikkelson 1 (David Backes 27) at 13:05

Penalties :
Johnny Boychuk (Bos) for Interference (Minor) at 0:47, Eric Staal (Cal) for Roughing (Minor) at 5:13, Brad Marchand (Cal) for Tripping (Minor) at 13:33, T.J Galiardi (Bos) for Interference (Minor) at 15:53

3rd period

3. Bruins , Casey Cizikas 5 (Kris Chucko 13, Rene Bourque 3) at 1:13
4. Flames , Brad Marchand 16 (Patrik Berglund 21) at 9:07 (PP)

Penalties :
David Backes (Cal) for Cross-checking (Minor) at 5:27, Slava Voynov (Bos) for Elbowing (Minor) at 8:07, Wojtek Wolski (Bos) for Slashing (Minor) at 8:20, Jonathan Toews (Bos) for Tripping (Minor) at 11:21, Alexander Semin (Cal) for Spearing (Major / Game Misconduct) at 18:37

Overtime #1

No Goal

Penalties :
No Penalty

Shootout

Bruins, Wojtek Wolski - Shot Misses the Net
Flames, Eric Staal - Shot Hit the Post
Bruins, Zack Kassian - Stopped by Henrik Lundqvist
Flames, Brad Marchand - Stopped by Kevin Poulin
Bruins, Henrik Sedin - Stopped by Henrik Lundqvist
Flames, David Backes - Stopped by Kevin Poulin
Bruins, Jonathan Toews - Goal!
Flames, Brad Marchand - Stopped by Kevin Poulin

Penalties :
No Penalty

Goalie Stats

Kevin Poulin (Bos), 33 saves from 35 shots - (0.943), W, 32-15-2, 65:00 minutes
Henrik Lundqvist (Cal), 31 saves from 33 shots - (0.939), OTL, 26-13-6, 65:00 minutes

Players Stats for Bruins

Player Name              G  A  P  +/- PIM S  H  SB GA TA FO     MP     PP MP  PK MP  
------------------------------------------------------------------------------------
Brendan Smith            1  0  1   1  0   2  3  2  0  1  0/0    31:15   5:11   7:51 
Casey Cizikas            1  0  1   1  0   2  0  0  0  1  4/4     7:42   0:00   1:11 
Dan Hamhuis              0  0  0   0  0   2  0  0  0  1  0/0    23:57   3:29   4:40 
Henrik Sedin             0  0  0  -1  0   2  1  0  1  0  17/29  22:10   5:14   2:56 
Ian Cole                 0  0  0   0  0   3  0  0  0  0  0/0    10:13   0:38   0:01 
Jason Demers             0  0  0   1  0   1  1  0  0  1  0/0    31:08   5:11   7:27 
Johnny Boychuk           0  0  0   0  4   1  2  0  0  0  0/0    21:27   3:29   2:42 
Jonathan Toews           0  0  0   0  2   4  1  0  1  0  7/13   17:28   3:46   2:27 
Kris Chucko              0  1  1   1  0   2  1  0  0  0  0/1     8:05   0:00   1:18 
Matt Read                0  0  0   1  0   1  2  0  0  0  0/1    10:11   0:18   0:00 
Mike Ribeiro             0  1  1   1  0   1  0  0  0  0  2/3    10:36   0:33   0:00 
Rene Bourque             0  1  1   1  0   0  0  0  0  0  0/0     6:46   0:15   0:00 
Scott Hartnell           0  0  0   0  0   2  1  0  1  0  0/0    13:32   3:46   0:00 
Slava Voynov             0  0  0   0  4   2  1  1  0  0  0/0    12:40   0:38   1:33 
T.J Galiardi             0  1  1   1  2   0  1  0  1  0  1/3    11:30   0:00   2:13 
Victor Oreskovich        0  0  0   0  0   1  0  0  0  0  0/0    13:17   3:31   0:00 
Wojtek Wolski            0  0  0  -1  2   5  1  0  1  0  11/21  27:18   5:17   6:24 
Zack Kassian             0  0  0  -1  0   2  1  1  3  0  1/2    27:44   5:14   6:57 

Players Stats for Flames

Player Name              G  A  P  +/- PIM S  H  SB GA TA FO     MP     PP MP  PK MP  
------------------------------------------------------------------------------------
Alexander Radulov        0  0  0   0  0   4  1  0  1  0  0/1    18:36   7:17   0:00 
Alexander Semin          0  0  0   0  15  5  2  0  0  0  1/1    22:28   7:19   3:20 
Anders Lee               0  0  0  -1  0   1  1  0  0  0  1/5     7:43   0:00   0:39 
Brad Marchand            1  0  1   1  2   5  1  0  0  1  1/3    21:49   4:48   3:50 
Brendan Mikkelson        1  0  1  -1  0   2  0  1  0  0  0/0    10:09   0:00   0:18 
Christian Folin          0  0  0  -1  0   0  0  0  0  1  0/0     9:57   0:00   0:10 
Colby Robak              0  0  0   0  0   2  0  1  2  1  0/0    23:48   4:43   6:22 
Colin Wilson             0  0  0  -1  0   0  1  0  0  0  4/9    11:35   0:02   4:00 
David Backes             0  1  1   1  2   1  2  0  0  0  0/2    16:26   0:00   4:00 
David Ullstrom           0  0  0  -1  0   0  2  0  0  0  0/0     8:02   0:02   0:00 
Derek Meech              0  0  0   0  0   0  1  2  0  3  0/0    23:48   4:43   6:22 
Eric Staal               0  0  0   1  2   9  1  0  1  0  22/43  22:30   7:17   1:55 
Erik Johnson             0  0  0   0  0   1  2  2  0  1  0/0    31:15   7:24   6:23 
Jimmy Hayes              0  0  0  -1  0   1  4  0  0  0  0/0    11:57   4:48   0:00 
Kyle Palmieri            0  0  0  -1  0   0  2  1  0  0  0/0     7:00   0:00   0:00 
Patrik Berglund          0  1  1   0  0   3  2  2  0  0  5/13   20:43   4:48   4:29 
Sami Vatanen             0  0  0   0  0   1  1  1  0  1  0/0    31:03   7:24   6:15 
Steve Regier             0  0  0  -1  2   0  0  0  0  0  0/0     8:11   0:00   0:00 

3 Stars

1 - Brendan Smith (Bos)
2 - Kevin Poulin (Bos)
3 - Casey Cizikas (Bos)

Power Play

Bruins - 0 on 5 Attempt(s) - 0.00%
Flames - 1 on 7 Attempt(s) - 14.29%

Penalty Kill

Bruins - 6 on 7 Attempt(s) - 85.71% - Score 0 goal in Penalty Kill
Flames - 5 on 5 Attempt(s) - 100.00% - Score 0 goal in Penalty Kill

Team Stat

Bruins - Hits : 16 - Faceoff Wins : 43 - Blocked Shots : 4 - Penalty Minutes : 14
Flames - Hits : 23 - Faceoff Wins : 34 - Blocked Shots : 10 - Penalty Minutes : 23

Official

Referees : Unknown
Linesman : Unknown

Game Notes

Alexander Semin ejected from game at 18:37 of 3rd period

Finance

Level 1 -- Attendance: 5148 (85.80%) -- Ticket Income $571,428
Level 2 -- Attendance: 3980 (79.60%) -- Ticket Income $282,580
Level 3 -- Attendance: 1500 (75.00%) -- Ticket Income $69,000
Level 4 -- Attendance: 3505 (87.63%) -- Ticket Income $108,655
Luxury Box -- Attendance: 886 (88.60%) -- Ticket Income $173,656
Game was played at the Metal Center.
Total Attendance: 15019 (83.44%)
Total Ticket Income: $1,205,319
Other Income: $180,798
Total Income: $1,386,117

Bruins

5 vs 5 Forward 
   Center                   Left Wing                Right Wing               Time % Phy DF OF 
 1 Henrik Sedin             Wojtek Wolski            Zack Kassian             40     1   2  2  
 2 Jonathan Toews           Scott Hartnell           Victor Oreskovich        30     1   2  2  
 3 Mike Ribeiro             T.J Galiardi             Matt Read                20     1   2  2  
 4 Casey Cizikas            Kris Chucko              Rene Bourque             10     1   2  2  

5 vs 5 Defense 
   Defense                  Defense                                           Time % Phy DF OF 
 1 Jason Demers             Brendan Smith                                     40     1   2  2  
 2 Johnny Boychuk           Dan Hamhuis                                       30     1   2  2  
 3 Ian Cole                 Slava Voynov                                      20     1   2  2  
 4 Jason Demers             Brendan Smith                                     10     1   2  2  

PowerPlay Forward 
   Center                   Left Wing                Right Wing               Time % Phy DF OF 
 1 Henrik Sedin             Wojtek Wolski            Zack Kassian             60     1   2  2  
 2 Jonathan Toews           Scott Hartnell           Victor Oreskovich        40     1   2  2  

PowerPlay Defense
   Defense                  Defense                                           Time % Phy DF OF 
 1 Jason Demers             Brendan Smith                                     60     1   2  2  
 2 Johnny Boychuk           Dan Hamhuis                                       40     1   2  2  

Penalty Kill 4 Players Forward 
   Center                   Wing                     Time % Phy DF OF 
 1 Wojtek Wolski            Zack Kassian             60     1   2  2  
 2 Henrik Sedin             Jonathan Toews           40     1   2  2  

Penalty Kill 4 Players Defense
   Defense                  Defense                  Time % Phy DF OF 
 1 Jason Demers             Brendan Smith            60     1   2  2  
 2 Johnny Boychuk           Dan Hamhuis              40     1   2  2  

Penalty Kill - 3 Players Forward 
   Forward                                           Time % Phy DF OF 
 1 Wojtek Wolski                                     60     1   2  2  
 2 Zack Kassian                                      40     1   2  2  

Penalty Kill - 3 Players Defense
   Defense                  Defense                  Time % Phy DF OF 
 1 Jason Demers             Brendan Smith            60     1   2  2  
 2 Johnny Boychuk           Dan Hamhuis              40     1   2  2  

4 vs 4 Forward 
   Center                   Wing                     Time % Phy DF OF 
 1 Wojtek Wolski            Zack Kassian             60     1   2  2  
 2 Henrik Sedin             Jonathan Toews           40     1   2  2  

4 vs 4 Defense
   Defense                  Defense                  Time % Phy DF OF 
 1 Jason Demers             Brendan Smith            60     1   2  2  
 2 Johnny Boychuk           Dan Hamhuis              40     1   2  2  

Last Minutes Offensive
   Center                   Left Wing                Right Wing               Defense                  Defense                  
   Henrik Sedin             Wojtek Wolski            Zack Kassian             Jason Demers             Brendan Smith            

Last Minutes Defensive
   Center                   Left Wing                Right Wing               Defense                  Defense                  
   Henrik Sedin             Wojtek Wolski            Zack Kassian             Jason Demers             Brendan Smith            

Goaltenders
Starting : Kevin Poulin             
Backup : Josh Tordjman            

Extra Forwards
Normal : Mike Ribeiro, Matt Read, T.J Galiardi - PP : Mike Ribeiro, Matt Read - PK : T.J Galiardi
Extra Defensemen
Normal : Ian Cole, Slava Voynov, Johnny Boychuk - PP : Ian Cole - PK : Slava Voynov, Johnny Boychuk
Penalty Shots
Wojtek Wolski, Zack Kassian, Henrik Sedin, Jonathan Toews, Scott Hartnell

Scratches
Miikka Salomaki (Healthy)

Flames

5 vs 5 Forward 
   Center                   Left Wing                Right Wing               Time % Phy DF OF 
 1 Eric Staal               Brad Marchand            David Backes             40     1   2  2  
 2 Patrik Berglund          Alexander Semin          Alexander Radulov        33     1   2  2  
 3 Colin Wilson             Steve Regier             Jimmy Hayes              19     1   2  2  
 4 Anders Lee               David Ullstrom           Kyle Palmieri            8      1   2  2  

5 vs 5 Defense 
   Defense                  Defense                                           Time % Phy DF OF 
 1 Erik Johnson             Sami Vatanen                                      38     1   2  2  
 2 Derek Meech              Colby Robak                                       29     2   2  1  
 3 Christian Folin          Brendan Mikkelson                                 23     2   2  1  
 4 Derek Meech              Colby Robak                                       10     2   2  1  

PowerPlay Forward 
   Center                   Left Wing                Right Wing               Time % Phy DF OF 
 1 Eric Staal               Alexander Semin          Alexander Radulov        60     1   2  2  
 2 Patrik Berglund          Brad Marchand            Jimmy Hayes              40     1   2  2  

PowerPlay Defense
   Defense                  Defense                                           Time % Phy DF OF 
 1 Erik Johnson             Sami Vatanen                                      60     1   2  2  
 2 Derek Meech              Colby Robak                                       40     1   2  2  

Penalty Kill 4 Players Forward 
   Center                   Wing                     Time % Phy DF OF 
 1 Patrik Berglund          David Backes             50     1   3  1  
 2 Colin Wilson             Alexander Semin          50     1   3  1  

Penalty Kill 4 Players Defense
   Defense                  Defense                  Time % Phy DF OF 
 1 Erik Johnson             Sami Vatanen             58     1   3  1  
 2 Derek Meech              Colby Robak              42     1   3  1  

Penalty Kill - 3 Players Forward 
   Forward                                           Time % Phy DF OF 
 1 Eric Staal                                        50     1   4  0  
 2 Brad Marchand                                     50     1   4  0  

Penalty Kill - 3 Players Defense
   Defense                  Defense                  Time % Phy DF OF 
 1 Erik Johnson             Sami Vatanen             58     1   4  0  
 2 Derek Meech              Colby Robak              42     1   4  0  

4 vs 4 Forward 
   Center                   Wing                     Time % Phy DF OF 
 1 Eric Staal               Alexander Semin          60     2   2  1  
 2 Colin Wilson             Brad Marchand            40     2   2  1  

4 vs 4 Defense
   Defense                  Defense                  Time % Phy DF OF 
 1 Erik Johnson             Sami Vatanen             60     2   2  1  
 2 Derek Meech              Colby Robak              40     2   2  1  

Last Minutes Offensive
   Center                   Left Wing                Right Wing               Defense                  Defense                  
   Eric Staal               Alexander Semin          David Backes             Erik Johnson             Sami Vatanen             

Last Minutes Defensive
   Center                   Left Wing                Right Wing               Defense                  Defense                  
   Eric Staal               Alexander Semin          David Backes             Erik Johnson             Sami Vatanen             

Goaltenders
Starting : Henrik Lundqvist         
Backup : Christopher Gibson       

Extra Forwards
Normal : Brad Marchand, Alexander Semin, David Ullstrom - PP : David Ullstrom, Colin Wilson - PK : Brad Marchand
Extra Defensemen
Normal : Sami Vatanen, Derek Meech, Colby Robak - PP : Derek Meech - PK : Brendan Mikkelson, Christian Folin
Penalty Shots
Eric Staal, Alexander Semin, David Backes, Brad Marchand, Patrik Berglund

Scratches
None


% Time on Ice - Bruins

Lines # - Real PCT - Wanted PCT - Time Play
Normal Forward
1 - 34% - 40% - 12:56
2 - 26% - 30% - 10:12
3 - 23% - 20% - 8:56
4 - 17% - 10% - 6:31
Normal Defense
1 - 39% - 40% - 15:03
2 - 36% - 30% - 13:48
3 - 24% - 20% - 9:13
4 - 1% - 10% - 0:31
PP Forward
1 - 59% - 60% - 5:32
2 - 41% - 40% - 3:46
PP Defense
1 - 63% - 60% - 5:49
2 - 37% - 40% - 3:29
PK Forward
1 - 74% - 60% - 8:24
2 - 26% - 40% - 2:56
PK Defense
1 - 59% - 60% - 6:40
2 - 41% - 40% - 4:40
PK3 Forward
1 - 100% - 60% - 0:47
2 - 0% - 40% - 0:00
PK3 Defense
1 - 100% - 60% - 0:47
2 - 0% - 40% - 0:00
44 Forward
1 - 79% - 60% - 3:56
2 - 21% - 40% - 1:04
44 Defense
1 - 60% - 60% - 3:00
2 - 40% - 40% - 2:00
Last Minute Offensive  - 0:00
Last Minute Defensive  - 0:00
Total
Forward - 65:00
Defense - 65:00

% Time on Ice - Flames

Lines # - Real PCT - Wanted PCT - Time Play
Normal Forward
1 - 34% - 40% - 13:10
2 - 29% - 33% - 11:15
3 - 19% - 19% - 7:10
4 - 18% - 8% - 7:00
Normal Defense
1 - 43% - 38% - 16:28
2 - 30% - 29% - 11:26
3 - 25% - 23% - 9:47
4 - 2% - 10% - 0:54
PP Forward
1 - 60% - 60% - 7:19
2 - 40% - 40% - 4:48
PP Defense
1 - 61% - 60% - 7:24
2 - 39% - 40% - 4:43
PK Forward
1 - 57% - 50% - 5:18
2 - 43% - 50% - 4:00
PK Defense
1 - 48% - 58% - 4:29
2 - 52% - 42% - 4:49
PK3 Forward
1 - 53% - 50% - 1:55
2 - 47% - 50% - 1:42
PK3 Defense
1 - 57% - 58% - 2:04
2 - 43% - 42% - 1:33
44 Forward
1 - 94% - 60% - 1:18
2 - 6% - 40% - 0:05
44 Defense
1 - 72% - 60% - 1:00
2 - 28% - 40% - 0:23
Last Minute Offensive  - 0:00
Last Minute Defensive  - 0:00
Total
Forward - 65:00
Defense - 65:00

Play-by-Play

1st period


0:01 of 1st period - Eric Staal wins face-off versus Henrik Sedin in neutral zone.
0:12 of 1st period - Snap shot by Eric Staal.
0:12 of 1st period - Shot Misses the Net.
0:14 of 1st period - Wrist shot by Erik Johnson.
0:14 of 1st period - Stopped by Kevin Poulin with a rebound.
0:32 of 1st period - Wrist shot by Jonathan Toews.
0:32 of 1st period - Shot Misses the Net.
0:34 of 1st period - Wrist shot by Jonathan Toews.
0:34 of 1st period - Shot Misses the Net.
0:36 of 1st period - Slapshot by Brendan Smith.
0:36 of 1st period - Stopped by Henrik Lundqvist with a rebound.
1:03 of 1st period - Icing by Colin Wilson.
1:04 of 1st period - Casey Cizikas wins face-off versus Colin Wilson in Flames zone.
1:25 of 1st period - Slapshot by Jimmy Hayes.
1:25 of 1st period - Shot Misses the Net.
1:27 of 1st period - Minor Penalty to Slava Voynov for Hooking.
1:28 of 1st period - Eric Staal wins face-off versus Wojtek Wolski in Bruins zone.
1:31 of 1st period - Slapshot by Alexander Semin.
1:31 of 1st period - Stopped by Kevin Poulin without a rebound.
1:32 of 1st period - Eric Staal wins face-off versus Wojtek Wolski in Bruins zone.
1:33 of 1st period - Wrist shot by Alexander Radulov.
1:33 of 1st period - Shot Blocked by Brendan Smith.
1:43 of 1st period - Backhand shot by Eric Staal.
1:43 of 1st period - Stopped by Kevin Poulin without a rebound.
1:44 of 1st period - Wojtek Wolski wins face-off versus Eric Staal in Bruins zone.
1:44 of 1st period - Wojtek Wolski is hit by Alexander Radulov.
2:34 of 1st period - Slapshot by Wojtek Wolski.
2:34 of 1st period - Stopped by Henrik Lundqvist with a rebound.
3:27 of 1st period - Penalty to Slava Voynov is over, Slava Voynov is back on ice.
4:57 of 1st period - Snap shot by Jonathan Toews.
4:57 of 1st period - Deflect By Casey Cizikas.
4:57 of 1st period - Shot Blocked by Erik Johnson.
4:57 of 1st period - Puck is out of play.
4:58 of 1st period - Casey Cizikas wins face-off versus Anders Lee in Flames zone.
5:01 of 1st period - Snap shot by Kris Chucko.
5:01 of 1st period - Stopped by Henrik Lundqvist with a rebound.
5:14 of 1st period - Icing by Casey Cizikas.
5:15 of 1st period - Casey Cizikas wins face-off versus Eric Staal in Bruins zone.
5:50 of 1st period - Slapshot by Patrik Berglund.
5:50 of 1st period - Stopped by Kevin Poulin without a rebound.
5:51 of 1st period - Henrik Sedin wins face-off versus Alexander Radulov in Bruins zone.
6:02 of 1st period - Wrist shot by Alexander Radulov.
6:02 of 1st period - Shot Misses the Net.
7:00 of 1st period - Minor Penalty to Steve Regier for Interference.
7:01 of 1st period - Henrik Sedin wins face-off versus Patrik Berglund in Flames zone.
8:39 of 1st period - Henrik Sedin is hit by Erik Johnson and loses puck.
9:00 of 1st period - Penalty to Steve Regier is over, Steve Regier is back on ice.
9:35 of 1st period - Johnny Boychuk is hit by David Ullstrom and loses puck.
9:50 of 1st period - Slapshot by Eric Staal.
9:50 of 1st period - Stopped by Kevin Poulin with a rebound.
9:52 of 1st period - Slapshot by Brendan Mikkelson.
9:52 of 1st period - Deflect By Eric Staal.
9:52 of 1st period - Shot Misses the Net.
9:52 of 1st period - Puck is out of play.
9:53 of 1st period - Eric Staal wins face-off versus Matt Read in Bruins zone.
9:54 of 1st period - Slapshot by Brad Marchand.
9:54 of 1st period - Stopped by Kevin Poulin with a rebound.
10:18 of 1st period - Snap shot by Scott Hartnell.
10:18 of 1st period - Stopped by Henrik Lundqvist without a rebound.
10:19 of 1st period - Jonathan Toews wins face-off versus Colin Wilson in Flames zone.
10:22 of 1st period - Wrist shot by Jonathan Toews.
10:22 of 1st period - Shot Misses the Net.
11:17 of 1st period - Backhand shot by Casey Cizikas.
11:17 of 1st period - Stopped by Henrik Lundqvist with a rebound.
11:19 of 1st period - Slapshot by Johnny Boychuk.
11:19 of 1st period - Stopped by Henrik Lundqvist with a rebound.
12:09 of 1st period - Matt Read is hit by Kyle Palmieri and loses puck.
13:03 of 1st period - Minor Penalty to Johnny Boychuk for Roughing.
13:04 of 1st period - Alexander Semin wins face-off versus Wojtek Wolski in Bruins zone.
13:11 of 1st period - Slapshot by Alexander Radulov.
13:11 of 1st period - Shot Blocked by Brendan Smith.
13:13 of 1st period - Snap shot by Eric Staal.
13:13 of 1st period - Deflect By Alexander Semin.
13:13 of 1st period - Shot Misses the Net.
13:13 of 1st period - Puck is out of play.
13:14 of 1st period - Wojtek Wolski wins face-off versus Eric Staal in Bruins zone.
13:41 of 1st period - Wojtek Wolski is hit by Erik Johnson and loses puck.
13:56 of 1st period - Snap shot by Alexander Radulov.
13:56 of 1st period - Stopped by Kevin Poulin with a rebound.
13:58 of 1st period - Wrist shot by Alexander Radulov.
13:58 of 1st period - Deflect By Alexander Semin.
13:58 of 1st period - Shot Misses the Net.
13:58 of 1st period - Puck is out of play.
13:59 of 1st period - Patrik Berglund wins face-off versus Henrik Sedin in Bruins zone.
14:08 of 1st period - Wrist shot by Jimmy Hayes.
14:08 of 1st period - Stopped by Kevin Poulin with a rebound.
15:03 of 1st period - Penalty to Johnny Boychuk is over, Johnny Boychuk is back on ice.
16:16 of 1st period - Icing by Victor Oreskovich.
16:17 of 1st period - Casey Cizikas wins face-off versus Patrik Berglund in Bruins zone.
16:17 of 1st period - Casey Cizikas is hit by Derek Meech.
16:43 of 1st period - Wrist shot by Eric Staal.
16:43 of 1st period - Stopped by Kevin Poulin with a rebound.
16:50 of 1st period - Off-side.
16:51 of 1st period - Henrik Sedin wins face-off versus Patrik Berglund in neutral zone.
16:56 of 1st period - Wrist shot by Wojtek Wolski.
16:56 of 1st period - Stopped by Henrik Lundqvist with a rebound.
16:58 of 1st period - Slapshot by Henrik Sedin.
16:58 of 1st period - Stopped by Henrik Lundqvist with a rebound.
17:00 of 1st period - Slapshot by Jason Demers.
17:00 of 1st period - Deflect By Zack Kassian.
17:00 of 1st period - Shot Blocked by Erik Johnson.
17:00 of 1st period - Puck is out of play.
17:01 of 1st period - Henrik Sedin wins face-off versus Patrik Berglund in Flames zone.
17:10 of 1st period - Slapshot by Henrik Sedin.
17:10 of 1st period - Shot Blocked by Patrik Berglund.
17:43 of 1st period - Off-side.
17:44 of 1st period - Eric Staal wins face-off versus Jonathan Toews in neutral zone.
18:00 of 1st period - Off-side.
18:01 of 1st period - Colin Wilson wins face-off versus Mike Ribeiro in neutral zone.
18:59 of 1st period - Snap shot by Alexander Semin.
18:59 of 1st period - Stopped by Kevin Poulin without a rebound.
19:00 of 1st period - Henrik Sedin wins face-off versus Patrik Berglund in Bruins zone.
19:35 of 1st period - Slapshot by Jonathan Toews.
19:35 of 1st period - Shot Misses the Net.
19:37 of 1st period - Slapshot by Slava Voynov.
19:37 of 1st period - Stopped by Henrik Lundqvist with a rebound.
19:39 of 1st period - Snap shot by Jonathan Toews.
19:39 of 1st period - Stopped by Henrik Lundqvist without a rebound.
19:40 of 1st period - Mike Ribeiro wins face-off versus Colin Wilson in Flames zone.
19:41 of 1st period - Snap shot by T.J Galiardi.
19:41 of 1st period - Shot Blocked by Brendan Mikkelson.
19:43 of 1st period - Slapshot by Brendan Smith.
19:43 of 1st period - Goal by Brendan Smith - Bruins : 1 - Flames : 0.
19:44 of 1st period - Eric Staal wins face-off versus Henrik Sedin in neutral zone.
19:49 of 1st period - Snap shot by David Backes.
19:49 of 1st period - Stopped by Kevin Poulin without a rebound.
19:50 of 1st period - Henrik Sedin wins face-off versus Eric Staal in Bruins zone.
Goals for this period are 1 for Bruins vs 0 for Flames.
Shots for this period are 11 for Bruins vs 11 for Flames.

2nd period


0:01 of 2nd period - Henrik Sedin wins face-off versus Eric Staal in neutral zone.
0:30 of 2nd period - Slapshot by Colby Robak.
0:30 of 2nd period - Stopped by Kevin Poulin without a rebound.
0:31 of 2nd period - Jonathan Toews wins face-off versus Patrik Berglund in Bruins zone.
0:40 of 2nd period - Wrist shot by Alexander Semin.
0:40 of 2nd period - Stopped by Kevin Poulin without a rebound.
0:41 of 2nd period - Eric Staal wins face-off versus Henrik Sedin in Bruins zone.
0:47 of 2nd period - Minor Penalty to Johnny Boychuk for Interference.
0:48 of 2nd period - Eric Staal wins face-off versus Wojtek Wolski in Bruins zone.
1:20 of 2nd period - Wrist shot by Brad Marchand.
1:20 of 2nd period - Shot Misses the Net.
1:22 of 2nd period - Snap shot by Colby Robak.
1:22 of 2nd period - Stopped by Kevin Poulin with a rebound.
1:40 of 2nd period - Wojtek Wolski is hit by Jimmy Hayes.
2:47 of 2nd period - Penalty to Johnny Boychuk is over, Johnny Boychuk is back on ice.
3:03 of 2nd period - Snap shot by Anders Lee.
3:03 of 2nd period - Stopped by Kevin Poulin without a rebound.
3:04 of 2nd period - Mike Ribeiro wins face-off versus Anders Lee in Bruins zone.
3:11 of 2nd period - David Ullstrom is hit by Slava Voynov and loses puck.
3:18 of 2nd period - Wrist shot by Brendan Mikkelson.
3:18 of 2nd period - Stopped by Kevin Poulin without a rebound.
3:19 of 2nd period - Jonathan Toews wins face-off versus David Backes in Bruins zone.
3:36 of 2nd period - Eric Staal is hit by Scott Hartnell and loses puck.
3:57 of 2nd period - Snap shot by Patrik Berglund.
3:57 of 2nd period - Shot Misses the Net.
5:06 of 2nd period - Snap shot by Zack Kassian.
5:06 of 2nd period - Shot Misses the Net.
5:08 of 2nd period - Slapshot by Brendan Smith.
5:08 of 2nd period - Deflect By Henrik Sedin.
5:08 of 2nd period - Shot Blocked by Patrik Berglund.
5:08 of 2nd period - Puck is out of play.
5:09 of 2nd period - Jonathan Toews wins face-off versus Eric Staal in Flames zone.
5:13 of 2nd period - Minor Penalty to Eric Staal for Roughing.
5:14 of 2nd period - Colin Wilson wins face-off versus Jonathan Toews in Flames zone.
5:22 of 2nd period - Backhand shot by Dan Hamhuis.
5:22 of 2nd period - Shot Blocked by Derek Meech.
7:00 of 2nd period - Sami Vatanen is hit by Jonathan Toews and loses puck.
7:13 of 2nd period - Penalty to Eric Staal is over, Eric Staal is back on ice.
7:37 of 2nd period - Sami Vatanen is hit by Kris Chucko and loses puck.
8:09 of 2nd period - Jason Demers is hit by Jimmy Hayes and loses puck.
8:30 of 2nd period - Slava Voynov is hit by Anders Lee.
8:44 of 2nd period - Alexander Radulov is hit by Zack Kassian and loses puck.
9:31 of 2nd period - David Ullstrom is hit by Johnny Boychuk and loses puck.
9:44 of 2nd period - Brad Marchand is hit by Matt Read and loses puck.
9:55 of 2nd period - Victor Oreskovich is hit by Alexander Semin.
10:05 of 2nd period - Kris Chucko is hit by Jimmy Hayes and loses puck.
10:35 of 2nd period - Snap shot by Wojtek Wolski.
10:35 of 2nd period - Shot Misses the Net.
10:37 of 2nd period - Snap shot by Ian Cole.
10:37 of 2nd period - Stopped by Henrik Lundqvist without a rebound.
10:38 of 2nd period - Eric Staal wins face-off versus Henrik Sedin in Flames zone.
10:44 of 2nd period - Icing by Henrik Sedin.
10:45 of 2nd period - Eric Staal wins face-off versus Henrik Sedin in Bruins zone.
10:56 of 2nd period - Slapshot by Eric Staal.
10:56 of 2nd period - Stopped by Kevin Poulin with a rebound.
10:58 of 2nd period - Slapshot by Christian Folin.
10:58 of 2nd period - Shot Blocked by Zack Kassian.
11:00 of 2nd period - Snap shot by Brad Marchand.
11:00 of 2nd period - Stopped by Kevin Poulin without a rebound.
11:01 of 2nd period - Patrik Berglund wins face-off versus Jonathan Toews in Bruins zone.
11:04 of 2nd period - Snap shot by Alexander Semin.
11:04 of 2nd period - Stopped by Kevin Poulin without a rebound.
11:05 of 2nd period - Jonathan Toews wins face-off versus Patrik Berglund in Bruins zone.
11:20 of 2nd period - Wrist shot by Alexander Semin.
11:20 of 2nd period - Stopped by Kevin Poulin with a rebound.
11:22 of 2nd period - Snap shot by Patrik Berglund.
11:22 of 2nd period - Stopped by Kevin Poulin without a rebound.
11:23 of 2nd period - Eric Staal wins face-off versus Henrik Sedin in Bruins zone.
11:44 of 2nd period - Wojtek Wolski is hit by Brad Marchand and loses puck.
12:30 of 2nd period - Snap shot by Matt Read.
12:30 of 2nd period - Stopped by Henrik Lundqvist with a rebound.
12:32 of 2nd period - Wrist shot by Mike Ribeiro.
12:32 of 2nd period - Shot Misses the Net.
12:42 of 2nd period - Snap shot by Casey Cizikas.
12:42 of 2nd period - Shot Blocked by Sami Vatanen.
12:47 of 2nd period - Off-side.
12:48 of 2nd period - Henrik Sedin wins face-off versus Eric Staal in neutral zone.
13:05 of 2nd period - Slapshot by Brendan Mikkelson.
13:05 of 2nd period - Goal by Brendan Mikkelson - Bruins : 1 - Flames : 1.
13:06 of 2nd period - Henrik Sedin wins face-off versus Eric Staal in neutral zone.
13:11 of 2nd period - Snap shot by Wojtek Wolski.
13:11 of 2nd period - Deflect By Henrik Sedin.
13:11 of 2nd period - Shot Blocked by Colby Robak.
13:11 of 2nd period - Puck is out of play.
13:12 of 2nd period - Henrik Sedin wins face-off versus Eric Staal in Flames zone.
13:17 of 2nd period - Wrist shot by Zack Kassian.
13:17 of 2nd period - Shot Hit the Post.
13:27 of 2nd period - Backhand shot by Wojtek Wolski.
13:27 of 2nd period - Shot Misses the Net.
13:33 of 2nd period - Minor Penalty to Brad Marchand for Tripping.
13:34 of 2nd period - Henrik Sedin wins face-off versus Colin Wilson in Flames zone.
13:47 of 2nd period - Sami Vatanen is hit by Brendan Smith and loses puck.
14:38 of 2nd period - Off-side.
14:39 of 2nd period - Colin Wilson wins face-off versus Zack Kassian in neutral zone.
15:05 of 2nd period - Patrik Berglund is hit by Brendan Smith and loses puck.
15:33 of 2nd period - Penalty to Brad Marchand is over, Brad Marchand is back on ice.
15:48 of 2nd period - Snap shot by Alexander Semin.
15:48 of 2nd period - Shot Misses the Net.
15:53 of 2nd period - Minor Penalty to T.J Galiardi for Interference.
15:54 of 2nd period - Zack Kassian wins face-off versus Eric Staal in Bruins zone.
17:53 of 2nd period - Penalty to T.J Galiardi is over, T.J Galiardi is back on ice.
18:12 of 2nd period - Wrist shot by Mike Ribeiro.
18:12 of 2nd period - Stopped by Henrik Lundqvist without a rebound.
18:13 of 2nd period - Anders Lee wins face-off versus Jonathan Toews in Flames zone.
18:22 of 2nd period - Snap shot by David Ullstrom.
18:22 of 2nd period - Shot Misses the Net.
18:24 of 2nd period - Slapshot by Anders Lee.
18:24 of 2nd period - Shot Blocked by Slava Voynov.
19:28 of 2nd period - Dan Hamhuis is hit by David Backes and loses puck.
19:38 of 2nd period - Icing by Jonathan Toews.
19:39 of 2nd period - Jonathan Toews wins face-off versus Anders Lee in Bruins zone.
19:39 of 2nd period - Jonathan Toews is hit by Kyle Palmieri.
19:44 of 2nd period - Dan Hamhuis is hit by David Ullstrom and loses puck.
19:47 of 2nd period - Snap shot by Scott Hartnell.
19:47 of 2nd period - Stopped by Henrik Lundqvist without a rebound.
19:48 of 2nd period - Henrik Sedin wins face-off versus Eric Staal in Flames zone.
Goals for this period are 0 for Bruins vs 1 for Flames.
Shots for this period are 4 for Bruins vs 11 for Flames.

3rd period


0:01 of 3rd period - Henrik Sedin wins face-off versus David Backes in neutral zone.
0:03 of 3rd period - Brendan Smith is hit by David Backes.
0:25 of 3rd period - Jonathan Toews is hit by Patrik Berglund.
1:11 of 3rd period - Snap shot by Kris Chucko.
1:11 of 3rd period - Shot Misses the Net.
1:13 of 3rd period - Snap shot by Casey Cizikas.
1:13 of 3rd period - Goal by Casey Cizikas - Bruins : 2 - Flames : 1.
1:14 of 3rd period - Eric Staal wins face-off versus Henrik Sedin in neutral zone.
1:17 of 3rd period - Wrist shot by David Backes.
1:17 of 3rd period - Shot Hit the Post.
1:49 of 3rd period - Snap shot by Jonathan Toews.
1:49 of 3rd period - Stopped by Henrik Lundqvist with a rebound.
1:51 of 3rd period - Snap shot by Dan Hamhuis.
1:51 of 3rd period - Stopped by Henrik Lundqvist with a rebound.
1:53 of 3rd period - Snap shot by Victor Oreskovich.
1:53 of 3rd period - Stopped by Henrik Lundqvist with a rebound.
2:26 of 3rd period - Slapshot by Slava Voynov.
2:26 of 3rd period - Shot Blocked by Derek Meech.
2:28 of 3rd period - Slapshot by Ian Cole.
2:28 of 3rd period - Stopped by Henrik Lundqvist with a rebound.
2:30 of 3rd period - Slapshot by Ian Cole.
2:30 of 3rd period - Shot Misses the Net.
2:32 of 3rd period - Slapshot by Ian Cole.
2:32 of 3rd period - Shot Misses the Net.
2:34 of 3rd period - Slapshot by Slava Voynov.
2:34 of 3rd period - Stopped by Henrik Lundqvist without a rebound.
2:35 of 3rd period - Henrik Sedin wins face-off versus Eric Staal in Flames zone.
3:00 of 3rd period - Jonathan Toews is hit by Alexander Semin and loses puck.
3:11 of 3rd period - Snap shot by Alexander Radulov.
3:11 of 3rd period - Deflect By Victor Oreskovich.
3:11 of 3rd period - Shot Misses the Net.
3:11 of 3rd period - Puck is out of play.
3:12 of 3rd period - Brad Marchand wins face-off versus Wojtek Wolski in Bruins zone.
3:15 of 3rd period - Wrist shot by Eric Staal.
3:15 of 3rd period - Stopped by Kevin Poulin with a rebound.
3:20 of 3rd period - Off-side.
3:21 of 3rd period - Eric Staal wins face-off versus Henrik Sedin in neutral zone.
3:36 of 3rd period - Slapshot by Eric Staal.
3:36 of 3rd period - Stopped by Kevin Poulin without a rebound.
3:37 of 3rd period - Patrik Berglund wins face-off versus Jonathan Toews in Bruins zone.
3:46 of 3rd period - Snap shot by Patrik Berglund.
3:46 of 3rd period - Stopped by Kevin Poulin without a rebound.
3:47 of 3rd period - Patrik Berglund wins face-off versus Jonathan Toews in Bruins zone.
3:53 of 3rd period - Icing by Jason Demers.
3:54 of 3rd period - Jonathan Toews wins face-off versus Eric Staal in Bruins zone.
4:03 of 3rd period - Wrist shot by Jonathan Toews.
4:03 of 3rd period - Stopped by Henrik Lundqvist with a rebound.
4:07 of 3rd period - Snap shot by Jonathan Toews.
4:07 of 3rd period - Stopped by Henrik Lundqvist without a rebound.
4:08 of 3rd period - Eric Staal wins face-off versus Henrik Sedin in Flames zone.
5:27 of 3rd period - Minor Penalty to David Backes for Cross-checking.
5:28 of 3rd period - Henrik Sedin wins face-off versus Colin Wilson in Flames zone.
6:11 of 3rd period - Brad Marchand is hit by Jason Demers and loses puck.
7:27 of 3rd period - Penalty to David Backes is over, David Backes is back on ice.
8:07 of 3rd period - Minor Penalty to Slava Voynov for Elbowing.
8:08 of 3rd period - Eric Staal wins face-off versus Wojtek Wolski in Bruins zone.
8:17 of 3rd period - Wrist shot by Alexander Radulov.
8:17 of 3rd period - Stopped by Kevin Poulin without a rebound.
8:18 of 3rd period - Wojtek Wolski wins face-off versus Eric Staal in Bruins zone.
8:20 of 3rd period - Minor Penalty to Wojtek Wolski for Slashing.
8:21 of 3rd period - Eric Staal wins face-off versus T.J Galiardi in Bruins zone.
8:29 of 3rd period - Snap shot by Eric Staal.
8:29 of 3rd period - Shot Misses the Net.
8:31 of 3rd period - Snap shot by Alexander Semin.
8:31 of 3rd period - Shot Misses the Net.
8:33 of 3rd period - Slapshot by Erik Johnson.
8:33 of 3rd period - Deflect By Alexander Semin.
8:33 of 3rd period - Shot Misses the Net.
8:33 of 3rd period - Puck is out of play.
8:34 of 3rd period - Eric Staal wins face-off versus T.J Galiardi in Bruins zone.
9:07 of 3rd period - Wrist shot by Brad Marchand.
9:07 of 3rd period - Goal by Brad Marchand - Bruins : 2 - Flames : 2.
9:08 of 3rd period - T.J Galiardi wins face-off versus Eric Staal in neutral zone.
9:40 of 3rd period - Brendan Smith is hit by Patrik Berglund and loses puck.
10:20 of 3rd period - Penalty to Wojtek Wolski is over, Wojtek Wolski is back on ice.
11:05 of 3rd period - Henrik Sedin is hit by Eric Staal and loses puck.
11:21 of 3rd period - Minor Penalty to Jonathan Toews for Tripping.
11:22 of 3rd period - Eric Staal wins face-off versus Wojtek Wolski in Bruins zone.
11:34 of 3rd period - Wrist shot by Eric Staal.
11:34 of 3rd period - Stopped by Kevin Poulin without a rebound.
11:35 of 3rd period - Wojtek Wolski wins face-off versus Eric Staal in Bruins zone.
11:40 of 3rd period - Snap shot by Brendan Smith.
11:40 of 3rd period - Deflect By Zack Kassian.
11:40 of 3rd period - Shot Misses the Net.
11:40 of 3rd period - Puck is out of play.
11:41 of 3rd period - Wojtek Wolski wins face-off versus Eric Staal in Flames zone.
11:42 of 3rd period - Snap shot by Zack Kassian.
11:42 of 3rd period - Stopped by Henrik Lundqvist without a rebound.
11:43 of 3rd period - Eric Staal wins face-off versus Wojtek Wolski in Flames zone.
11:50 of 3rd period - Wrist shot by Alexander Radulov.
11:50 of 3rd period - Stopped by Kevin Poulin without a rebound.
11:51 of 3rd period - Wojtek Wolski wins face-off versus Eric Staal in Bruins zone.
12:02 of 3rd period - Wrist shot by Alexander Radulov.
12:02 of 3rd period - Stopped by Kevin Poulin without a rebound.
12:03 of 3rd period - Wojtek Wolski wins face-off versus Eric Staal in Bruins zone.
12:30 of 3rd period - Jason Demers is hit by Sami Vatanen.
13:00 of 3rd period - Derek Meech is hit by Johnny Boychuk.
13:21 of 3rd period - Penalty to Jonathan Toews is over, Jonathan Toews is back on ice.
14:38 of 3rd period - Slapshot by Henrik Sedin.
14:38 of 3rd period - Shot Blocked by Kyle Palmieri.
14:40 of 3rd period - Slapshot by Ian Cole.
14:40 of 3rd period - Stopped by Henrik Lundqvist without a rebound.
14:41 of 3rd period - Henrik Sedin wins face-off versus Anders Lee in Flames zone.
14:48 of 3rd period - Wrist shot by Zack Kassian.
14:48 of 3rd period - Stopped by Henrik Lundqvist without a rebound.
14:49 of 3rd period - Patrik Berglund wins face-off versus Henrik Sedin in Flames zone.
16:02 of 3rd period - Slapshot by Wojtek Wolski.
16:02 of 3rd period - Stopped by Henrik Lundqvist with a rebound.
16:04 of 3rd period - Slapshot by Henrik Sedin.
16:04 of 3rd period - Stopped by Henrik Lundqvist with a rebound.
16:06 of 3rd period - Snap shot by Wojtek Wolski.
16:06 of 3rd period - Shot Misses the Net.
16:18 of 3rd period - Ian Cole is hit by Colin Wilson and loses puck.
16:37 of 3rd period - David Backes is hit by Matt Read and loses puck.
17:16 of 3rd period - Alexander Semin is hit by Brendan Smith.
17:35 of 3rd period - Rene Bourque is hit by Jimmy Hayes and loses puck.
17:45 of 3rd period - Icing by Rene Bourque.
17:46 of 3rd period - Eric Staal wins face-off versus Kris Chucko in Bruins zone.
18:32 of 3rd period - Slapshot by Dan Hamhuis.
18:32 of 3rd period - Stopped by Henrik Lundqvist without a rebound.
18:33 of 3rd period - Henrik Sedin wins face-off versus Patrik Berglund in Flames zone.
18:37 of 3rd period - Major / Game Misconduct Penalty to Alexander Semin for Spearing.
18:37 of 3rd period - Alexander Semin is ejected from game.
18:38 of 3rd period - Colin Wilson wins face-off versus Henrik Sedin in Flames zone.
19:12 of 3rd period - Snap shot by Wojtek Wolski.
19:12 of 3rd period - Stopped by Henrik Lundqvist with a rebound.
19:26 of 3rd period - Derek Meech is hit by Wojtek Wolski and loses puck.
Goals for this period are 1 for Bruins vs 1 for Flames.
Shots for this period are 15 for Bruins vs 8 for Flames.

Overtime #1


0:01 of 1st overtime period - Wojtek Wolski wins face-off versus Eric Staal in neutral zone.
0:17 of 1st overtime period - Slapshot by Sami Vatanen.
0:17 of 1st overtime period - Stopped by Kevin Poulin with a rebound.
0:19 of 1st overtime period - Snap shot by Brad Marchand.
0:19 of 1st overtime period - Stopped by Kevin Poulin with a rebound.
0:21 of 1st overtime period - Snap shot by Brad Marchand.
0:21 of 1st overtime period - Stopped by Kevin Poulin without a rebound.
0:22 of 1st overtime period - Wojtek Wolski wins face-off versus Eric Staal in Bruins zone.
0:31 of 1st overtime period - Wrist shot by Wojtek Wolski.
0:31 of 1st overtime period - Stopped by Henrik Lundqvist without a rebound.
0:32 of 1st overtime period - Eric Staal wins face-off versus Wojtek Wolski in Flames zone.
0:45 of 1st overtime period - Snap shot by Eric Staal.
0:45 of 1st overtime period - Stopped by Kevin Poulin with a rebound.
1:02 of 1st overtime period - Slapshot by Jason Demers.
1:02 of 1st overtime period - Stopped by Henrik Lundqvist without a rebound.
1:03 of 1st overtime period - Wojtek Wolski wins face-off versus Brad Marchand in Flames zone.
1:28 of 1st overtime period - Slapshot by Eric Staal.
1:28 of 1st overtime period - Stopped by Kevin Poulin with a rebound.
2:13 of 1st overtime period - Icing by Wojtek Wolski.
2:14 of 1st overtime period - Wojtek Wolski wins face-off versus Brad Marchand in Bruins zone.
3:37 of 1st overtime period - Penalty to Alexander Semin is over, Steve Regier is send on ice.
3:47 of 1st overtime period - Derek Meech is hit by T.J Galiardi and loses puck.
3:56 of 1st overtime period - Snap shot by Kris Chucko.
3:56 of 1st overtime period - Stopped by Henrik Lundqvist without a rebound.
3:57 of 1st overtime period - Eric Staal wins face-off versus Wojtek Wolski in Flames zone.
4:36 of 1st overtime period - Brad Marchand is hit by Henrik Sedin and loses puck.
4:59 of 1st overtime period - Icing by David Ullstrom.
Goals for this period are 0 for Bruins vs 0 for Flames.
Shots for this period are 3 for Bruins vs 5 for Flames.

ShootOut


5:00 of 1st overtime period - Round #1.
5:00 of 1st overtime period - Bruins, Wojtek Wolski.
5:00 of 1st overtime period - Deke by Wojtek Wolski.
5:00 of 1st overtime period - Shot Misses the Net.
5:00 of 1st overtime period - Flames, Eric Staal.
5:00 of 1st overtime period - Snap shot by Eric Staal.
5:00 of 1st overtime period - Shot Hit the Post.
5:00 of 1st overtime period - Round #2.
5:00 of 1st overtime period - Bruins, Zack Kassian.
5:00 of 1st overtime period - Deke by Zack Kassian.
5:00 of 1st overtime period - Stopped by Henrik Lundqvist.
5:00 of 1st overtime period - Flames, Brad Marchand.
5:00 of 1st overtime period - Deke by Brad Marchand.
5:00 of 1st overtime period - Stopped by Kevin Poulin.
5:00 of 1st overtime period - Round #3.
5:00 of 1st overtime period - Bruins, Henrik Sedin.
5:00 of 1st overtime period - Deke by Henrik Sedin.
5:00 of 1st overtime period - Stopped by Henrik Lundqvist.
5:00 of 1st overtime period - Flames, David Backes.
5:00 of 1st overtime period - Deke by David Backes.
5:00 of 1st overtime period - Stopped by Kevin Poulin.
5:00 of 1st overtime period - Round #4.
5:00 of 1st overtime period - Bruins, Jonathan Toews.
5:00 of 1st overtime period - Wrist shot by Jonathan Toews.
5:00 of 1st overtime period - Goal by Jonathan Toews.
5:00 of 1st overtime period - Flames, Brad Marchand.
5:00 of 1st overtime period - Snap shot by Brad Marchand.
5:00 of 1st overtime period - Stopped by Kevin Poulin.